Map: Disco Bloodbath LE

Players

Mez - Winner!

  • Race: Terran Terran
  • League: Master
  • Spawn Location: 3:00

ForJumy

  • Race: Terran Terran
  • League: Master
  • Spawn Location: 9:00

VOD

Have the link to the VOD?

Description

Time

  • Played on: Aug. 24, 2019, 8:27 p.m.
  • Length: 12:07
Show
View Real Time Build Order
Export as new Build Order

Mez Terran - Winner!

Build Orders: Gas First Reaper Expand 

Get SALT Encoding   

  12  0:01  SCV  
  13  0:13  SCV  
  14  0:17  Supply Depot  
  14  0:25  SCV  
  14  0:27  Refinery  
  15  0:39  SCV  
  16  0:45  Barracks  
  16  0:51  SCV  
  17  1:03  SCV  
  18  1:15  SCV  
  19  1:32  Orbital Command, Reaper  
  20  1:42  Command Center  
  20  1:50  Supply Depot  
  20  1:55  Factory  
  20  2:00  SCV  
  21  2:07  Barracks Reactor  
  21  2:11  Supply Depot  
  21  2:14  SCV  
  22  2:18  Refinery  
  22  2:28  SCV  
  23  2:43  SCV  
  24  2:44  Marine x2  
  24  2:45  Factory Tech Lab  
  26  2:55  Orbital Command  
  26  3:03  Marine x2  
  26  3:04  Cyclone  
  31  3:09  Starport  
  31  3:11  SCV  
  32  3:17  Refinery  
  32  3:21  Marine x2  
  32  3:23  SCV  
  35  3:28  SCV  
  36  3:35  SCV  
  36  3:38  Supply Depot  
  36  3:39  Marine x2  
  39  3:41  Cyclone  
  39  3:44  SCV  
  39  3:48  Starport Tech Lab  
  43  3:51  SCV  
  44  3:56  SCV  
  45  4:03  SCV  
  45  4:05  Supply Depot  
  45  4:07  Raven  
  45  4:08  SCV  
  45  4:09  Marine x2  
  51  4:15  SCV  
  52  4:20  SCV  
  53  4:25  Supply Depot  
  53  4:27  Siege Tank, SCV  
  53  4:31  Marine x2  
  59  4:32  SCV  
  60  4:39  SCV  
  60  4:44  SCV  
  62  4:48  Supply Depot  
  62  4:52  SCV  
  63  4:56  Command Center, Raven  
  63  4:57  SCV  
  66  5:04  SCV  
  66  5:06  Siege Tank  
  69  5:09  SCV  
  70  5:14  Barracks x2  
  70  5:16  Supply Depot  
  70  5:22  SCV x2, Refinery  
  74  5:34  SCV  
  74  5:35  Engineering Bay  
  73  5:36  Engineering Bay  
  73  5:39  SCV  
  73  5:42  Supply Depot  
  74  5:44  Siege Tank  
  74  5:46  SCV  
  78  5:53  Medivac x2  
  78  5:54  Marine  
  78  5:55  Stimpack  
  78  5:56  SCV  
  84  5:58  SCV  
  85  6:04  Barracks Reactor x2, Supply Depot  
  85  6:09  Orbital Command  
  85  6:12  SCV x2  
  87  6:23  Marine  
  88  6:30  Siege Tank  
  88  6:31  SCV  
  88  6:32  SCV  
  93  6:33  Terran Infantry Armor Level 1, Terran Infantry Weapons Level 1  
  93  6:35  SCV  
  93  6:36  Refinery  
  94  6:41  Marine  
  94  6:42  Marine x2, Barracks  
  94  6:43  Marine x2, Barracks  
  94  6:44  SCV  
  94  6:46  SCV  
  101  6:47  SCV  
  102  6:55  Supply Depot  
  102  6:56  SCV, Supply Depot  
  102  6:57  Medivac  
  102  6:58  SCV, Medivac  
  102  6:59  Marine, SCV  
  102  7:00  Marine  
  111  7:05  Refinery  
  111  7:08  SCV  
  112  7:10  SCV  
  110  7:15  Marine x2  
  110  7:16  Marine  
  110  7:17  Marine, SCV  
  110  7:18  Marine  
  110  7:20  Siege Tank, SCV  
  120  7:23  SCV  
  120  7:27  Missile Turret x2  
  120  7:28  Missile Turret  
  120  7:29  SCV, Supply Depot  
  121  7:32  SCV  
  122  7:44  Marine x4  
  122  7:45  Marine  
  122  7:47  Barracks Reactor x2  
  127  8:02  Marine x3  
  126  8:11  Marine x2  
  126  8:12  Siege Tank, Medivac x2  
  117  8:20  Marine x3  
  119  8:29  Marine x6  
  109  8:38  Marine x3, SCV  
  106  8:41  SCV  
  106  8:42  SCV  
  106  8:47  Marine x6  
  106  8:48  Armory  
  111  8:51  SCV  
  111  8:52  Siege Tank  
  115  8:55  Marine  
  115  8:56  Marine x2  
  118  9:06  Marine x6  
  118  9:07  Command Center  
  118  9:08  Missile Turret  
  124  9:10  Missile Turret  
  124  9:12  Medivac x2  
  124  9:13  Marine x2, Factory  
  130  9:21  SCV x3  
  133  9:27  Supply Depot  
  133  9:28  Supply Depot  
  133  9:30  Supply Depot  
  133  9:31  Marine  
  133  9:32  Marine x7  
  133  9:34  Combat Shield  
  141  9:48  SCV  
  141  9:49  Marine, SCV  
  124  10:07  Marine x8  
  125  10:20  Orbital Command  
  104  10:28  Marine x6  
  92  10:29  Marine x3  
  92  10:34  Factory Tech Lab  
  92  10:35  Siege Tank  
  101  10:46  Marine x5  
  103  10:52  Marine x4, SCV x3  
  103  10:54  Siege Tank  
  113  10:57  Medivac x2  
  113  11:04  Marine x3  
  117  11:07  Siege Tank  
  117  11:08  SCV  
  117  11:09  SCV x2  
  126  11:18  Marine x4  
  129  11:20  SCV  
  131  11:26  Siege Tank  
  134  11:35  Marine x4  
Show
View Real Time Build Order
Export as new Build Order

ForJumy Terran 

Build Orders: Liberator Opening 

Get SALT Encoding   

  12  0:00  SCV  
  13  0:12  SCV  
  14  0:18  Supply Depot  
  14  0:24  SCV  
  15  0:31  Refinery  
  15  0:39  SCV  
  16  0:46  Barracks  
  16  0:52  SCV  
  17  1:04  SCV  
  18  1:16  SCV  
  19  1:28  SCV  
  20  1:33  Reaper  
  21  1:40  Orbital Command  
  21  1:49  Command Center  
  21  2:00  Factory  
  21  2:05  SCV  
  22  2:10  Barracks Reactor  
  22  2:15  Supply Depot  
  22  2:18  SCV  
  23  2:27  Refinery  
  23  2:37  SCV  
  23  2:46  Marine x2  
  23  2:47  Hellion  
  23  2:49  SCV  
  28  2:51  Starport  
  28  3:01  SCV, Orbital Command  
  28  3:04  Marine x2  
  31  3:09  Factory Tech Lab  
  31  3:13  Liberator, SCV  
  32  3:25  SCV  
  33  3:28  Barracks  
  33  3:33  SCV  
  37  3:44  Siege Tank  
  37  3:45  SCV  
  37  3:46  SCV, Refinery  
  42  3:53  Supply Depot  
  42  3:58  SCV x2  
  42  4:02  Supply Depot  
  44  4:03  Marine x2  
  46  4:15  SCV x2  
  48  4:17  Barracks Tech Lab  
  48  4:18  Viking  
  50  4:27  SCV x2  
  50  4:30  Engineering Bay  
  52  4:38  Marine x2  
  50  4:39  SCV x2, Stimpack  
  50  4:40  Siege Tank  
  56  4:49  Supply Depot  
  56  4:51  SCV x2  
  56  4:52  Marine  
  58  4:56  Marine x2  
  58  4:57  Starport Reactor  
  58  4:59  Terran Infantry Weapons Level 1  
  59  5:03  SCV x2  
  61  5:15  Command Center  
  61  5:19  Siege Tank  
  61  5:20  SCV  
  65  5:24  Supply Depot  
  65  5:28  SCV, Supply Depot  
  65  5:31  Refinery  
  65  5:32  Marine, SCV  
  65  5:33  Marine  
  69  5:46  Barracks, Medivac x2  
  69  5:48  SCV  
  74  5:52  Barracks  
  74  5:54  Siege Tank  
  77  5:59  Supply Depot  
  77  6:04  SCV  
  77  6:07  Engineering Bay  
  78  6:14  Marine, Armory  
  79  6:18  Combat Shield  
  79  6:23  SCV  
  80  6:26  Siege Tank  
  80  6:32  Orbital Command, Sensor Tower  
  83  6:36  Marine x2  
  86  6:41  Terran Infantry Armor Level 1  
  86  6:42  SCV  
  86  6:43  Barracks Reactor  
  86  6:46  Barracks Reactor  
  86  6:47  SCV  
  86  6:48  Marine  
  88  6:54  Marine x2  
  90  7:02  SCV  
  90  7:06  Marine  
  92  7:15  SCV, Orbital Command  
  92  7:19  Marine x2  
  92  7:22  Command Center, Medivac x2  
  98  7:24  Marine  
  98  7:26  Marine, SCV  
  101  7:35  SCV  
  102  7:39  SCV, Sensor Tower  
  102  7:43  SCV  
  104  7:44  Marine x4  
  104  7:48  Terran Vehicle Weapons Level 1  
  108  7:55  Siege Tank  
  109  8:00  Supply Depot  
  109  8:02  SCV x2  
  106  8:08  Marine x2  
  106  8:09  Marine  
  106  8:11  Marine  
  98  8:13  SCV  
  98  8:14  Marine  
  98  8:24  Marine x2  
  98  8:25  Marine x2  
  101  8:27  Marine  
  101  8:28  Siege Tank  
  101  8:29  Marine  
  101  8:32  Barracks  
  101  8:33  SCV, Barracks  
  101  8:34  Refinery  
  106  8:35  Refinery  
  106  8:36  Marine  
  93  8:42  Marine  
  93  8:47  Factory  
  94  8:51  SCV x2  
  94  8:53  Barracks Reactor  
  96  8:57  SCV  
  96  8:58  Supply Depot  
  96  9:01  Siege Tank  
  100  9:03  Marine  
  100  9:05  Barracks  
  100  9:07  Supply Depot  
  100  9:09  Supply Depot  
  101  9:10  Supply Depot, Orbital Command  
  101  9:11  SCV  
  101  9:14  SCV  
  101  9:15  Marine x2  
  105  9:17  SCV  
  105  9:21  Supply Depot, Barracks Reactor x2  
  106  9:25  SCV  
  106  9:27  Medivac x2  
  106  9:29  Terran Infantry Armor Level 2  
  111  9:33  Siege Tank  
  111  9:34  Terran Infantry Weapons Level 2  
  111  9:35  SCV  
  111  9:37  Marine x3  
  118  9:41  SCV  
  118  9:42  Supply Depot  
  118  9:44  Supply Depot, Siege Tank, Orbital Command  
  122  9:46  Marine  
  122  9:49  Marine x4  
  127  9:54  Marine x2  
  127  9:55  Marine x2  
  131  10:00  Marine  
  131  10:01  Marine  
  131  10:03  Marine  
  131  10:05  Siege Tank  
  131  10:07  Marine x2  
  127  10:08  Marine, SCV  
  127  10:09  Marine x2  
  99  10:16  Siege Tank  
  74  10:22  Marine x2, SCV  
  74  10:23  Marine x2  
  74  10:24  Marine x3  
  74  10:25  Marine  
  68  10:28  SCV  
  68  10:31  Marine  
  57  10:43  Siege Tank  
  57  10:45  Medivac x2  
  57  10:49  SCV  
  64  10:53  Marine x5  
  64  10:54  SCV  
  70  11:00  SCV  
  70  11:02  Marine, Siege Tank  
  75  11:05  SCV x2  
  75  11:08  Barracks Reactor  
  77  11:13  SCV  
  77  11:15  Siege Tank  
  77  11:17  Marine  
  77  11:18  SCV  
  83  11:20  SCV  
  83  11:21  SCV  
  83  11:25  SCV  
  86  11:30  SCV  
  87  11:34  Siege Tank  
  90  11:40  Marine x3  
  90  11:41  Marine x2  
  90  11:45  Marine x4  
  90  11:46  Marine x3  
  90  11:47  Marine x2  
Tags
 
Add a new tag
Caveats
  • Supply blocks, unpowered buildings, or Contaminate may cause inaccurate times.
  • Supply counts are checked every 10 seconds.